 Dungeon Crawl Stone Soup version 0.26.0-10-g1f06aea511 (webtiles) character file.

Game seed: 10502559999168704356

2326 Borgoz the Slasher (level 9, -9/75 HPs)
             Began as a Ghoul Gladiator on Feb 1, 2021.
             Was a Believer of Dithmenos.
             Killed from afar by Maggie (11 damage)
             ... with a bolt of fire
             ... on level 7 of the Dungeon.
             The game lasted 00:09:46 (7355 turns).

Borgoz the Slasher (Ghoul Gladiator)                Turns: 7355, Time: 00:09:47

Health: -9/75      AC: 13    Str: 18    XL:     9   Next: 42%
Magic:  8/8        EV: 13    Int:  3    God:    Dithmenos [**....]
Gold:   332        SH:  0    Dex: 13    Spells: 8/8 levels left

rFire    + . .     SeeInvis .   b - +1 short sword (venom)
rCold    + . .     Faith    +   (no shield)
rNeg     + + +     Spirit   .   o - +3 scale mail {rF+}
rPois    ∞         Reflect  .   c - +0 helmet
rElec    .         Harm     .   (no cloak)
rCorr    .         Rampage  .   (no gloves)
Will     +....                  l - +1 pair of boots
Stlth    ..........             p - amulet of faith
HPRegen  0.00/turn              n - ring of willpower
MPRegen  0.11/turn              (no ring)

@: mesmerised, hasted, wreathed by umbra, very quick
A: claws 1, cold resistance 1, negative energy resistance 3, inhibited
regeneration, torment resistance, unbreathing
a: Renounce Religion, Shadow Step


You were on level 7 of the Dungeon.
You worshipped Dithmenos.
Dithmenos was pleased with you.
You visited 1 branch of the dungeon, and saw 7 of its levels.

You collected 332 gold pieces.

Inventory:

Hand Weapons
 a - a +2 long sword
 b - a +1 short sword of venom (weapon)
 q - the +6 shortbow "Niwatyal" {venom, rF- MP+9 Str+2 Int+3, unknown}
   (You found it on level 7 of the Dungeon)

   It poisons the ammo it fires.
   It affects your strength (+2).
   It affects your intelligence (+3).
   It makes you vulnerable to fire.
   It affects your magic capacity (+9).
Armour
 c - a +0 helmet (worn)
 k - a +1 ring mail of cold resistance
 l - a +1 pair of boots (worn)
 o - a +3 scale mail of fire resistance (worn)
Jewellery
 n - a ring of willpower (left claw)
 p - an amulet of faith (around neck)
Wands
 g - a wand of flame (18)
Scrolls
 d - a scroll of blinking
 e - 3 scrolls of fog
 h - 5 scrolls of teleportation
 i - 5 scrolls of remove curse
 m - a scroll of fear
Potions
 j - a potion of haste
 r - 2 potions of cancellation


   Skills:
 + Level 5.7 Fighting
 * Level 7.1 Long Blades
 - Level 1.7 Throwing
 + Level 4.3 Armour
 * Level 7.1 Dodging


You had 8 spell levels left.
You didn't know any spells.
Your spell library contained the following spells:

 Spells                   Type           Power        Failure   Level
 Sting                    Tmut/Pois      0%           88%         1
 Poisonous Vapours        Pois/Air       0%           95%         2
 Ignite Poison            Fire/Tmut/Pois 0%           99%         3
 Mephitic Cloud           Conj/Pois/Air  0%           99%         3
 Static Discharge         Conj/Air       0%           99%         3
 Olgreb's Toxic Radiance  Pois           0%           100%        4
 Lightning Bolt           Conj/Air       0%           100%        5
 Ignition                 Fire           0%           100%        8
 Shatter                  Erth           0%           100%        9
 Tornado                  Air            0%           100%        9


Dungeon Overview and Level Annotations

Branches:
Dungeon (7/15)
 Temple: D:4-7

Altars:
Dithmenos
Elyvilon
Kikubaaqudgha
Nemelex Xobeh
Qazlal
Sif Muna
Trog
Vehumet
Yredelemnul

Shops:
D:5 ?

Annotations:
D:7 Maggie


Innate Abilities, Weirdness & Mutations

You thrive by killing the living.
You are immune to poison.
You have sharp fingernails.
Your flesh is cold resistant. (rC+)
You are immune to negative energy. (rN+++)
You do not regenerate when monsters are visible.
You are immune to unholy pain and torment.
You can survive without breathing.


Message History

Maggie draws you further into her thrall.
You feel yourself speed up.
Maggie zaps a wand.
You are blasted!
* * * LOW HITPOINT WARNING * * *
You hit Maggie but do no damage.
Maggie looks as sick as possible!
Maggie is moderately wounded.
You hit Maggie but do no damage.
Maggie looks as sick as possible!
Maggie is moderately wounded.
Maggie misses you.
You hit Maggie but do no damage.
Maggie is moderately wounded.
You hit Maggie.
Maggie looks as sick as possible!
Maggie is heavily wounded.
Maggie barely misses you.
You barely miss Maggie.
Maggie is heavily wounded.
You barely miss Maggie.
Maggie is heavily wounded.
Maggie casts a spell at you. The bolt of fire hits you! You resist.
You die...

#..... ## #.......#
#.......# #.....#.##
#........#
#......<.##
#.....@...###
#.....@.....#
#............# ####
#............. ##..##
#...........#.
##....###........####
##......##....#####
##........#...##
#..(.....##..##
#........##.##


You could see Maggie (mesmerising, extremely poisoned).

Vanquished Creatures
  Pikel (D:6)
  Grinder (D:6)
  A sky beast (D:5)
  An orc warrior (D:6)
  A phantom (D:7)
  An ogre (D:6)
  3 centaurs
  A lemure (D:6)
  A wyvern zombie (D:6)
  A wyvern skeleton (D:5)
  3 scorpions
  2 hounds
  5 orc priests
  A jelly (D:7)
  2 orc wizards (D:6)
  A centaur skeleton (D:4)
  2 iguanas
  7 worker ants
  2 howler monkey skeletons (D:4)
  12 adders
  A white imp (D:2)
  An ufetubus (D:5)
  An ooze (D:1)
  2 worms (D:2)
  A dart slug (D:2)
  4 leopard geckos
  19 orcs
  7 bats
  6 giant cockroaches
  10 goblins
  6 hobgoblins
  9 jackals
  3 quokkas
  A ball python skeleton (D:4)
  3 frilled lizards
  A jackal skeleton (D:4)
  5 kobolds
  A leopard gecko skeleton (D:6)
  10 rats
140 creatures vanquished.

Notes
Turn   | Place    | Note
-------+----------+-------------------------------------------
     0 | D:1      | Borgoz the Ghoul Gladiator began the quest for the Orb.
     0 | D:1      | Reached XP level 1. HP: 17/17 MP: 0/0
   348 | D:1      | Reached XP level 2. HP: 23/24 MP: 1/1
   835 | D:1      | Reached XP level 3. HP: 30/30 MP: 2/2
  1694 | D:2      | Reached skill level 1 in Armour
  1866 | D:2      | Reached XP level 4. HP: 37/37 MP: 3/3
  2579 | D:3      | Reached XP level 5. HP: 21/44 MP: 4/4
  3162 | D:3      | Found a stormy altar of Qazlal.
  3493 | D:4      | Reached XP level 6. HP: 25/51 MP: 5/5
  3646 | D:4      | Found an ancient bone altar of Kikubaaqudgha.
  3649 | D:4      | Found a white marble altar of Elyvilon.
  3660 | D:4      | Found a shadowy altar of Dithmenos.
  3716 | D:4      | Became a worshipper of Dithmenos the Shadowed
  3858 | D:4      | Noticed a moth of wrath
  3861 | D:4      | Found a bloodstained altar of Trog.
  3881 | D:4      | HP: 1/51 [iguana (9)]
  4650 | D:5      | Entered Level 5 of the Dungeon
  4660 | D:5      | Reached XP level 7. HP: 54/58 MP: 6/6
  4743 | D:5      | Reached * piety under Dithmenos
  5092 | D:5      | Reached skill level 5 in Long Blades
  5214 | D:5      | Reached skill level 5 in Dodging
  5431 | D:5      | Found Meqiuqet's Magic Scroll Boutique.
  5471 | D:5      | Found a shimmering blue altar of Sif Muna.
  5521 | D:5      | Found a sparkling altar of Nemelex Xobeh.
  5554 | D:5      | Reached XP level 8. HP: 41/66 MP: 7/7
  5658 | D:5      | Found a basalt altar of Yredelemnul.
  5788 | D:6      | Noticed Grinder
  5830 | D:6      | Killed Grinder
  6422 | D:6      | Reached ** piety under Dithmenos
  6443 | D:6      | Reached skill level 5 in Fighting
  6596 | D:6      | Noticed Pikel
  6640 | D:6      | Killed Pikel
  6641 | D:6      | Reached XP level 9. HP: 60/74 MP: 8/8
  7197 | D:7      | Found a radiant altar of Vehumet.
  7311 | D:7      | Got an iridescent shortbow
  7339 | D:7      | Noticed Maggie
  7349 | D:7      | HP: 2/75 [disintegration (20)]
  7355 | D:7      | Killed from afar by Maggie

Illustrated notes

Levels and vault maps discovered:
D:1:      saegor_arrival_simple_c, layout_basic
D:2:      minmay_inner_zag, layout_basic
D:3:      layout_rooms, grunt_qazlal_sundering
D:4:      layout_rooms, tgw_trog, grunt_temple_overflow_open
D:5:      layout_loops_cross, general_overflow_altar, lemuel_crystal_altar,
          serial_shops, shop_statue, nemelex_lonely_heart_becter
D:6:      layout_rooms, minmay_misc_feat_iff, minmay_checkerbox, uniq_pikel,
          uniq_grinder
D:7:      layout_cave_pods, vehumet_altar_wand_db, temple_statues, serial_shops,
          shop_statue, uniq_maggie

Skill      XL: |  1  2  3  4  5  6  7  8  9 |
---------------+----------------------------+-----
Long Blades    | 3 4 5 6 7 |  7.1
Dodging        | 3 4 5 6 7 |  7.1
Armour         | 1 2 3 4 |  4.3
Fighting       | 3 4 5 |  5.7
Throwing       | |  1.7

Action                   |  1- 3 |  4- 6 |  7- 9 || total
-------------------------+-------+-------+-------++-------
Melee: Long sword        |    90 |   251 |    51 ||   392
       Short sword       |       |       |   267 ||   267
Throw: Throwing net      |       |     3 |     1 ||     4
  Use: Scroll            |     1 |     7 |     7 ||    15
       Potion            |       |     1 |     4 ||     5
 Stab: Sleeping          |       |     1 |       ||     1
Armor: Leather armour    |    19 |    78 |    13 ||   110
       Ring mail         |       |       |    37 ||    37
       Scale mail        |       |       |    49 ||    49
Dodge: Dodged            |    55 |   225 |   203 ||   483
       Rpst.: Long sword |    13 |    71 |    19 ||   103
